 Dungeon Crawl Stone Soup version 0.21-a0-529-g8c7b3f5 (webtiles) character file.

14391 slep the Cleaver (level 12, -7/63 HPs)
             Began as a Vine Stalker Gladiator on Dec 11, 2017.
             Was the Champion of Okawaru.
             Mangled by a red ugly thing (11 damage)
             ... on level 11 of the Dungeon.
             The game lasted 01:02:53 (9153 turns).

slep the Cleaver (Vine Stalker Gladiator)           Turns: 9153, Time: 01:03:00

Health: -7/63      AC: 20    Str: 22    XL:     12   Next: 16%
Magic:  0/13       EV: 11    Int: 10    God:    Okawaru [******]
Gold:   658        SH:  6    Dex: 16    Spells: 11/11 levels left

rFire    . . .     SeeInvis +   a - +5 hand axe
rCold    . . .     Gourm    .   e - +0 buckler
rNeg     + . .     Faith    .   l - +5 chain mail of Levity {Dex+2}
rPois    .         Spirit   +   c - +0 helmet
rElec    .         Reflect  .   P - +0 cloak
rCorr    .         Harm     .   x - +0 pair of gloves
MR       ++...                  B - +0 pair of boots
Stlth    ..........             (no amulet)
HPRegen  1.00/turn              Y - ring of see invisible
MPRegen  0.13/turn              F - ring of positive energy

@: no status effects
A: fangs 3, clever 1, clumsy 2, magic resistance 1, regeneration 2, strong 1,
magic shield, antimagic bite, no potion heal 3, rot immunity
a: Heroism, Finesse, Renounce Religion


You were on level 11 of the Dungeon.
You worshipped Okawaru.
Okawaru was exalted by your worship.
You were not hungry.

You visited 1 branch of the dungeon, and saw 11 of its levels.

You collected 658 gold pieces.

Inventory:

Hand Weapons
 a - a +5 hand axe (weapon)
 b - a +3 spear
Missiles
 d - 3 throwing nets
 s - 5 javelins (quivered)
 S - 12 tomahawks
 W - 6 curare-tipped needles
Armour
 c - a +0 helmet (worn)
 e - a +0 buckler (worn)
 l - the +5 chain mail of Levity (worn) {Dex+2}
   (Okawaru gifted it to you on level 9 of the Dungeon)

   It affects your dexterity (+2).
 x - a +0 pair of gloves (worn)
 B - a +0 pair of boots (worn)
 P - a +0 cloak (worn)
 Q - a +1 leather armour of fire resistance
Jewellery
 F - a ring of positive energy (right hand)
 Y - a ring of see invisible (left hand)
Wands
 y - a wand of disintegration (26)
 D - a wand of polymorph (20)
 O - a wand of clouds (3)
 U - a wand of flame (22)
Scrolls
 h - a scroll of enchant weapon {unknown}
 n - 9 scrolls of teleportation
 o - 3 scrolls of remove curse
 p - a scroll of blinking {unknown}
 q - a scroll of enchant armour {unknown}
 w - 3 scrolls of magic mapping {unknown}
 z - a scroll of silence {unknown}
 C - a scroll of noise {unknown}
 G - 3 scrolls of random uselessness {unknown}
 I - 2 scrolls of identify
 N - a scroll of amnesia {unknown}
 R - a scroll of fog {unknown}
 X - 2 scrolls of torment {unknown}
Potions
 g - a potion of lignification
 j - 4 potions of curing
 r - 2 potions of haste
 A - 2 potions of invisibility
 E - 2 potions of ambrosia
 J - 2 potions of flight
 M - a potion of brilliance
Comestibles
 f - 7 bread rations
 k - 11 royal jellies
 t - 7 meat rations
 u - 4 fruits
 T - 14 chunks of flesh


   Skills:
 + Level 7.4 Fighting
 + Level 11.7(11.8) Axes
 + Level 1.8(7.8) Polearms
 + Level 3.2 Throwing
 + Level 6.8 Armour
 + Level 5.0 Dodging
 + Level 2.1 Stealth
 + Level 5.6 Shields
 + Level 1.7 Unarmed Combat
 + Level 0.8 Evocations


You had 11 spell levels left.
You didn't know any spells.

Dungeon Overview and Level Annotations

Branches:
Dungeon (11/15)            Temple (0/1) D:7            Lair (0/6) D:10
    Orc (0/2) D:9

Altars:
Ashenzari
Cheibriados
Elyvilon
Fedhas
Hepliaklqana
Makhleb
Nemelex Xobeh
Okawaru
Uskayaw
Xom
Yredelemnul
The Shining One

Shops:
D:8 }


Innate Abilities, Weirdness & Mutations

You have razor-sharp teeth.
You heal very quickly.
When hurt, damage is shared between your health and your magic reserves.
Your bite disrupts and absorbs the magic of your enemies.
Potions cannot restore your health.
You are immune to rotting.
Your mind is acute. (Int +2)
You are very clumsy. (Dex -4)
You are resistant to hostile enchantments. (MR+)
Your muscles are strong. (Str +2)


Message History

The red ugly thing is heavily wounded.
You hit the worker ant. You block the worker ant's attack.
The red ugly thing engulfs you.
You are engulfed in flames!
You hit the red ugly thing. You bite the red ugly thing. You drain its power.
You feel invigorated.
The red ugly thing is heavily wounded.
You hit the worker ant. The worker ant closely misses you.
You slash the red ugly thing! Your bite misses the red ugly thing.
The red ugly thing is almost dead.
You barely miss the worker ant. The red ugly thing engulfs you!
You are engulfed in flames!!
* * * LOW HITPOINT WARNING * * *
The worker ant barely misses you.
You hit the red ugly thing but do no damage.
Your bite misses the red ugly thing.
The red ugly thing is almost dead.
You hit the worker ant. The red ugly thing engulfs you!
* * * LOW HITPOINT WARNING * * *
You are engulfed in flames!
You die...

.........#####.'.#.###.#.#
.........# ###...#...#.#
.........# #.###.###.#
####+#### #.....#...#
#####'##### ###.# ###...#
#...### #@### #.au)......
..'..........
#.##.......... #
#.......... #..........
#.......... #.<........


You could see a red ugly thing and a worker ant.

Vanquished Creatures
  A hydra (D:11)
  4 two-headed ogres
  Pikel (D:9)
  A manticore (D:11)
  Psyche (D:10)
  A centaur zombie (D:11)
  The ghost of TySteely the Arsonist, a novice DEFE (D:6)
  A gargoyle (D:11)
  A troll (D:9)
  2 hippogriffs (D:11)
  Sigmund (D:6)
  9 yaks
  Eustachio (D:5)
  4 hogs (D:7)
  A human (D:7)
  A steam dragon (D:9)
  A hungry ghost (D:8)
  A water moccasin (D:10)
  A porcupine (D:10)
  2 sky beasts
  A black bear (D:7)
  9 orc warriors
  An eye of draining (D:10)
  A phantom (D:5)
  A slave (D:9)
  2 ice beasts
  5 ogres
  8 centaurs
  A crocodile (D:5)
  A gnoll sergeant (D:6)
  5 bullfrogs
  4 scorpions
  9 killer bees (D:8)
  9 wights
  2 howler monkeys (D:11)
  5 crimson imps
  A bullfrog zombie (D:11)
  5 jellies
  4 orc priests
  Crazy Yiuf (D:6)
  A gnoll shaman (D:9)
  2 hounds
  15 orc wizards
  5 bullfrog skeletons
  3 iguanas
  11 worker ants
  A worker ant zombie (D:8)
  11 gnolls
  7 adders
  4 oozes
  An adder skeleton (D:7)
  4 worms
  3 dart slugs
  8 leopard geckos
  46 orcs
  11 giant cockroaches
  8 goblins
  9 hobgoblins
  5 jackals
  12 kobolds
  5 quokkas
  3 ball pythons
  5 bats
  10 frilled lizards
  A jackal skeleton (D:4)
  2 jackal zombies
  3 rats
  A fungus (D:10)
308 creatures vanquished.

Notes
Turn   | Place    | Note
-------+----------+-------------------------------------------
     0 | D:1      | slep the Vine Stalker Gladiator began the quest for the Orb.
     0 | D:1      | Reached XP level 1. HP: 11/11 MP: 2/2
   139 | D:1      | Reached XP level 2. HP: 7/15 MP: 3/3
   223 | D:1      | Reached skill level 3 in Axes
   258 | D:1      | Reached XP level 3. HP: 10/18 MP: 4/4
  1052 | D:2      | Gained mutation: Your natural rate of healing is unusually fast. [Vine Stalker growth]
  1052 | D:2      | Reached XP level 4. HP: 16/23 MP: 5/5
  1237 | D:2      | Found a hazy altar of Hepliaklqana.
  1433 | D:2      | Found a glowing golden altar of the Shining One.
  1464 | D:2      | Found a shattered altar of Ashenzari.
  1880 | D:3      | Reached XP level 5. HP: 25/27 MP: 6/6
  1883 | D:3      | Reached skill level 4 in Axes
  1908 | D:3      | Noticed an orc warrior
  1926 | D:3      | Reached skill level 1 in Armour
  1934 | D:3      | Killed an orc warrior
  1934 | D:3      | Reached skill level 1 in Stealth
  1972 | D:3      | Reached XP level 6. HP: 21/32 MP: 7/7
  1993 | D:3      | Reached skill level 5 in Axes
  2138 | D:3      | Found a faded altar of an unknown god.
  2221 | D:3      | Found an iron altar of Okawaru.
  2228 | D:3      | Became a worshipper of Warmaster Okawaru
  2610 | D:4      | Found a white marble altar of Elyvilon.
  2719 | D:4      | Reached XP level 7. HP: 29/35 MP: 8/8
  3000 | D:4      | Found a blossoming altar of Fedhas.
  3274 | D:5      | Entered Level 5 of the Dungeon
  3282 | D:5      | Noticed Eustachio
  3380 | D:5      | Killed Eustachio
  3380 | D:5      | Reached * piety under Okawaru
  3380 | D:5      | Reached skill level 1 in Unarmed Combat
  3773 | D:5      | Gained mutation: You have razor-sharp teeth. [Vine Stalker growth]
  3773 | D:5      | Reached XP level 8. HP: 28/40 MP: 9/9
  3777 | D:5      | Gained mutation: Scrolls take you a little longer to read. [mutagenic meat]
  3778 | D:5      | Gained mutation: You passively map a small area around you. [mutagenic meat]
  3779 | D:5      | Gained mutation: Your body sometimes deteriorates upon taking damage. [mutagenic meat]
  3780 | D:5      | Gained mutation: You possess an exceptional clarity of mind. [mutagenic meat]
  3781 | D:5      | Gained mutation: Your muscles are strong. (Str +2) [mutagenic meat]
  3782 | D:5      | Gained mutation: You are clumsy. (Dex -2) [mutagenic meat]
  3830 | D:5      | Reached skill level 6 in Axes
  3996 | D:5      | Found a shimmering altar of Xom.
  3997 | D:5      | Found a burning altar of Makhleb.
  4007 | D:5      | Reached ** piety under Okawaru
  4117 | D:5      | Reached skill level 1 in Shields
  4408 | D:6      | Found a hide-covered altar of Uskayaw.
  4434 | D:6      | Noticed TySteely's ghost (novice DEFE)
  4451 | D:6      | Killed TySteely's ghost
  4451 | D:6      | Reached skill level 7 in Axes
  4460 | D:6      | Reached XP level 9. HP: 26/45 MP: 10/10
  4516 | D:6      | Reached *** piety under Okawaru
  4579 | D:6      | Noticed Sigmund
  4589 | D:6      | Killed Sigmund
  4772 | D:6      | Reached skill level 8 in Axes
  4962 | D:6      | Found a runed door.
  5068 | D:6      | Noticed Crazy Yiuf
  5074 | D:6      | Killed Crazy Yiuf
  5214 | D:7      | Reached **** piety under Okawaru
  5313 | D:7      | Reached skill level 5 in Fighting
  5392 | D:7      | Found a staircase to the Ecumenical Temple.
  5627 | D:7      | Reached skill level 9 in Axes
  5631 | D:7      | Reached XP level 10. HP: 40/51 MP: 11/11
  6340 | D:8      | Reached ***** piety under Okawaru
  6382 | D:8      | Found a snail-covered altar of Cheibriados.
  6601 | D:8      | Reached skill level 5 in Armour
  6743 | D:8      | Found Juaps's Gadget Emporium.
  6819 | D:8      | Lost mutation: Your body sometimes deteriorates upon taking damage. [potion of mutation]
  6819 | D:8      | Lost mutation: Scrolls take you a little longer to read. [potion of mutation]
  6819 | D:8      | Lost mutation: You possess an exceptional clarity of mind. [potion of mutation]
  6819 | D:8      | Lost mutation: You passively map a small area around you. [potion of mutation]
  6819 | D:8      | Gained mutation: You are very clumsy. (Dex -4) [potion of mutation]
  6819 | D:8      | Gained mutation: You are resistant to hostile enchantments. (MR+) [potion of mutation]
  6819 | D:8      | Gained mutation: Your mind is acute. (Int +2) [potion of mutation]
  7152 | D:9      | Found a sparkling altar of Nemelex Xobeh.
  7155 | D:9      | Noticed Pikel
  7172 | D:9      | Killed Pikel
  7172 | D:9      | Received a gift from Okawaru
  7176 | D:9      | Got a bloodstained chain mail {god gift}
  7198 | D:9      | Reached skill level 10 in Axes
  7245 | D:9      | Identified the +5 chain mail of Levity {Dex+2} (Okawaru gifted it to you on level 9 of the Dungeon)
  7313 | D:9      | Found a staircase to the Orcish Mines.
  7449 | D:9      | Found an iron altar of Okawaru.
  7523 | D:9      | Found a sparkling altar of Nemelex Xobeh.
  7819 | D:10     | Entered Level 10 of the Dungeon
  7819 | D:10     | Noticed Psyche
  7828 | D:10     | Killed Psyche
  7828 | D:10     | Reached XP level 11. HP: 57/58 MP: 12/12
  8051 | D:10     | Noticed a two-headed ogre
  8064 | D:10     | Killed a two-headed ogre
  8344 | D:10     | Found a staircase to the Lair.
  8405 | D:10     | Found a runed door.
  8411 | D:10     | Found a basalt altar of Yredelemnul.
  8733 | D:11     | Noticed a two-headed ogre
  8753 | D:11     | Killed a two-headed ogre
  8753 | D:11     | Reached skill level 11 in Axes
  8764 | D:11     | Reached skill level 5 in Shields
  8808 | D:11     | Received a gift from Okawaru
  8809 | D:11     | Got a translucent rapier {god gift}
  8843 | D:11     | Noticed a two-headed ogre
  8852 | D:11     | Killed a two-headed ogre
  8896 | D:11     | Noticed a seven-headed hydra
  8897 | D:11     | Identified the +8 rapier of Indomitability {pierce, Dex+4} (Okawaru gifted it to you on level 11 of the Dungeon)
  8908 | D:11     | Killed a seven-headed hydra
  8956 | D:11     | Reached skill level 1 in Polearms
  8997 | D:11     | Gained mutation: You heal very quickly. [Vine Stalker growth]
  8997 | D:11     | Reached XP level 12. HP: 60/63 MP: 13/13
  9142 | D:11     | Noticed a two-headed ogre
  9148 | D:11     | Killed a two-headed ogre
  9148 | D:11     | Reached ****** piety under Okawaru
  9148 | D:11     | Reached skill level 5 in Dodging
  9153 | D:11     | Mangled by a red ugly thing

Vault maps used:
D:1:      dpeg_arrival_water_temple_mockup
D:2:      nicolae_tso_carved_into_rock, marbit_many_paths, grunt_ministairs_1,
          ashenzari_altar_1
D:3:      lemuel_round_altar, chequers_ecumenical_altar_island,
          minmay_statues_item
D:4:      minmay_wonky_spiral, nicolae_overflow_hidden_temple, elyvilon_altar_3
D:5:      kb_forest_paths, grunt_temple_overflow_champion_of_chaos, first_bread,
          uniq_eustachio
D:6:      basic_altar, uniq_sigmund, uniq_crazy_yiuf_cottage
D:7:      minmay_temple_entry_poolview, grunt_ministairs_7,
          minmay_misc_feat_ornament, grunt_livestock
D:8:      cheibriados_altar_1, serial_shops, shop, grunt_ministairs_7
D:9:      nemelex_altar_shiori, basic_altar, okawaru_trees_2, uniq_pikel
D:10:     grunt_lair_entry_orc_guard_hut, minmay_gold_behind_fungi,
          dk_yredelemnul_ordeal, uniq_psyche

Skill      XL: |  1  2  3  4  5  6  7  8  9 10 11 12 |
---------------+-------------------------------------+-----
Fighting       | 2 3 4 5 6 7 |  7.4
Axes           | 3 4 5 7 9 10 11 | 11.7
Dodging        | 3 4 5 |  5.0
Armour         | 1 2 3 4 5 6 |  6.8
Stealth        | 1 2 |  2.1
Unarmed Combat | 1 |  1.7
Shields        | 1 2 4 5 |  5.6
Throwing       | 2 3 |  3.2
Polearms       | 1 |  1.8
Evocations     | |  0.8

Action                   |  1- 3 |  4- 6 |  7- 9 | 10-12 || total
-------------------------+-------+-------+-------+-------++-------
Melee: War axe           |    72 |   168 |   335 |       ||   575
       Bite              |    10 |    49 |   124 |   203 ||   386
       Unarmed           |       |       |    60 |       ||    60
       Hand axe          |       |       |    24 |   525 ||   549
       Spear             |       |       |       |     7 ||     7
Throw: Javelin           |       |       |     9 |    18 ||    27
       Throwing net      |       |       |     1 |       ||     1
Evoke: Wand              |       |       |     5 |       ||     5
  Use: Potion            |       |     1 |       |     1 ||     2
       Scroll            |       |       |       |    11 ||    11
 Stab: Sleeping          |     1 |       |       |       ||     1
  Eat: Chunk             |       |     6 |    15 |    15 ||    36
Armor: Leather armour    |    18 |    18 |       |       ||    36
       Chain mail        |       |    25 |   186 |   217 ||   428
       Skin              |       |       |     4 |       ||     4
Dodge: Dodged            |    45 |   117 |   226 |   203 ||   591
Block: Buckler           |       |     5 |    61 |   114 ||   180

Table legend:
 A = Spawn XP
 B = Non-spawn XP
 C = Spawn XP percentage of total XP
 D = Spawn monster count
 E = Non-spawn monster count
 F = Spawn count percentage of total count
 G = Total turns spent on level
                    A         B        C        D         E        F      G
               +---------+---------+-------+---------+---------+-------+---------
         Total |       0 |   20559 |   0.0 |       0 |     306 |   0.0 |  9153
               +---------+---------+-------+---------+---------+-------+---------
           D:1 |       0 |      62 |   0.0 |       0 |      27 |   0.0 |   956
           D:2 |       0 |      95 |   0.0 |       0 |      28 |   0.0 |   827
           D:3 |       0 |     321 |   0.0 |       0 |      27 |   0.0 |   682
           D:4 |       0 |     224 |   0.0 |       0 |      19 |   0.0 |   809
           D:5 |       0 |     974 |   0.0 |       0 |      32 |   0.0 |  1105
           D:6 |       0 |    1958 |   0.0 |       0 |      33 |   0.0 |   744
           D:7 |       0 |    1893 |   0.0 |       0 |      26 |   0.0 |  1065
           D:8 |       0 |    1682 |   0.0 |       0 |      39 |   0.0 |   933
           D:9 |       0 |    1888 |   0.0 |       0 |      21 |   0.0 |   698
          D:10 |       0 |    3526 |   0.0 |       0 |      22 |   0.0 |   918
          D:11 |       0 |    7936 |   0.0 |       0 |      32 |   0.0 |   416
               +---------+---------+-------+---------+---------+-------+---------
